 Dungeon Crawl Stone Soup version 0.29-a0-491-gac2d408 (webtiles) character file.

Game seed: 1994606413583172608

59 Toastz the Grave Robber (level 3, -3/28 HPs)
             Began as a Demonspawn Necromancer on May 26, 2022.
             Slain by a worm (10 damage)
             ... on level 3 of the Dungeon.
             The game lasted 00:02:41 (2075 turns).

Toastz the Grave Robber (Demonspawn Necromancer)    Turns: 2075, Time: 00:02:41

Health: -3/28      AC:  2    Str:  8    XL:     3   Next: 78%
Magic:  0/6        EV: 12    Int: 18    God:
Gold:   150        SH:  0    Dex: 13    Spells: 2/6 levels left

rFire   . . .      SeeInvis .   a - +2 spear (venom)
rCold   . . .      Faith    .   (no shield)
rNeg    . . .      Spirit   +   c - +0 robe
rPois   .          Reflect  .   (no helmet)
rElec   .          Harm     .   (no cloak)
rCorr   .          Rampage  .   (no gloves)
Will    .....                   (no boots)
Stlth   ++........              (no amulet)
HPRegen 0.09/turn               (no ring)
MPRegen 0.20/turn               (no ring)

@: no status effects
A: magic shield, magic regeneration
a: no special abilities


You were on level 3 of the Dungeon.
You visited 1 branch of the dungeon, and saw 3 of its levels.

You collected 150 gold pieces.

Inventory:

Hand Weapons
 a - a +2 spear of venom (weapon)
Missiles
 g - 7 poisoned darts
 l - 5 javelins
Armour
 c - a +0 robe (worn)
 p - a +0 ring mail
Scrolls
 d - a scroll of blinking {unknown}
 h - a scroll of magic mapping {unknown}
 k - a scroll of immolation
 m - a scroll of noise {unknown}
 n - a scroll of vulnerability {unknown}
 o - a scroll of poison {unknown}
Potions
 b - a potion of magic
 e - 2 potions of attraction
 f - 2 potions of might
 i - a potion of flight {unknown}
 j - 2 potions of cancellation {unknown}


   Skills:
 + Level 2.3 Fighting
 - Level 1.7 Dodging
 - Level 1.7 Stealth
 - Level 2.0 Spellcasting
 + Level 5.2 Necromancy


You had 2 spell levels left.
You knew the following spells:

 Your Spells              Type           Power      Damage    Failure   Level
a - Necrotize             Necr           80%        1d8       1%          1
b - Vampiric Draining     Necr           20%        2d7       6%          3

Your spell library contained the following spells:

 Spells                   Type           Power      Damage    Failure   Level
 Animate Dead             Necr           20%        N/A       21%         4
 Confusing Touch          Hex            1%         N/A       47%         3
 Agony                    Necr           20%        N/A       50%         5
 Leda's Liquefaction      Hex/Erth       0%         N/A       87%         4
 Lee's Rapid Deconstruct  Erth           0%         3d5*      99%         5
 Yara's Violent Unravell  Hex/Tmut       0%         3d3       99%         5
 Statue Form              Tmut/Erth      0%         N/A       100%        6
 Enfeeble                 Hex            0%         N/A       100%        7


Dungeon Overview and Level Annotations

Branches:
Dungeon (3/15)

Altars:
Wu Jian


Innate Abilities, Weirdness & Mutations

When hurt, damage is shared between your health and your magic reserves.
You regenerate magic rapidly.


Message History

A goblin comes into view. It is wielding a +0 club.
You feel sick.
The goblin shouts!
You feel sick. The adder closely misses you.
You feel sick.
You see here a gold piece.
You feel sick.
You miss the adder.
The adder is heavily wounded.
You feel sick.
You are no longer poisoned.
The adder closely misses you. x2
You hit the adder.
You kill the adder!
The orc hits you with a +0 war axe.
You hit the orc.
The orc is moderately wounded.
The orc hits you with a +0 war axe.
You barely miss the orc.
The orc is moderately wounded.
The orc closely misses you.
You puncture the orc!
You kill the orc!
Unknown command.
Unknown command.
Reach: a) +2 spear (venom)
Press: ? - help, Dir - move target, f - worm
Aim: a worm (about 20% to evade your +2 spear of venom)
You reach to attack!
You hit the worm but do no damage.
The worm is poisoned.
You hit the worm.
The worm is moderately wounded.
The goblin hits you with a +0 club. The worm bites you!
* * * LOW HITPOINT WARNING * * *
You hit the worm.
The worm looks as sick as possible!
The worm is heavily wounded.
The goblin hits you but does no damage.
You hit the goblin.
The goblin is poisoned.
The goblin is heavily wounded.
The worm bites you!
You die...

#.# .. .. #.# ###.#.###
#.# #.......# ###.####
#$#.#.#.#(#
.......#####!.......$#
###.#......#####.#####
##.##.##.##..###..# #
#.###.##..#....)wg#.####
#.# #....[..#.##@#.....#
#.###.#.#.#...##..#.##.#
...##.#..##.##.>###(..
###.#.......##..# ...
##......##..##...#.#...
#.##.#.###.# .#.# ####
#.#..#.##.......#
#.#<##.##.......# #.#.
#.##.......#


You could see a worm (extremely poisoned) and a goblin (very poisoned).

Vanquished Creatures
  2 adders (D:3)
  2 dart slugs (D:2)
  An orc (D:3)
  2 ball pythons
  2 bats (D:1)
  2 endoplasms
  5 giant cockroaches
  4 goblins
  6 kobolds
  A quokka (D:1)
  3 frilled lizards
  5 rats (D:1)
35 creatures vanquished.

Notes
Turn   | Place    | Note
-------+----------+-------------------------------------------
     0 | D:1      | Toastz the Demonspawn Necromancer began the quest for the
                  | Orb.
     0 | D:1      | Reached XP level 1. HP: 13/13 MP: 3/3
   153 | D:1      | Reached skill level 1 in Fighting
   208 | D:1      | Gained mutation: You regenerate magic rapidly. [demonic
                  | ancestry]
   208 | D:1      | Reached XP level 2. HP: 19/21 MP: 5/5
   249 | D:1      | Found a faded altar of an unknown god.
  1327 | D:2      | Found an ornate altar of the Wu Jian Council.
  1348 | D:2      | Reached skill level 5 in Necromancy
  1348 | D:2      | Gained mutation: When hurt, damage is shared between your
                  | health and your magic reserves. [demonic ancestry]
  1348 | D:2      | Reached XP level 3. HP: 22/27 MP: 2/6
  1944 | D:3      | Learned a level 3 spell: Vampiric Draining
  2075 | D:3      | Slain by a worm

Illustrated notes

Levels and vault maps discovered:
D:1:      dpeg_arrival_simpleton_a, layout_basic,
          hellmonk_ecumenical_altar_blasted
D:2:      layout_basic, basic_altar, chequers_hall_statues_corner_a,
          nrook_mini_backslash
D:3:      minmay_spotlight, layout_loops_cross, serial_shops,
          nicolae_shop_advertising_works [nicolae_subvault_shop_adworks],
          st_stairs_7

Skill      XL: |  1  2  3 |
---------------+----------+-----
Fighting       | 1 2 |  2.3
Necromancy     | 5 |  5.2
Dodging        | |  1.7
Stealth        | |  1.7
Spellcasting   | |  2.0

Action                   || total
-------------------------++-------
Melee: Spear             ||    59
 Cast: Necrotize         ||    20
  Use: Scroll            ||     2
 Stab: Sleeping          ||    11
Armor: Robe              ||     5
Dodge: Dodged            ||    22

Table legend: (Time is in decaauts)
 A = Elapsed time spent in this place.
 B = Non-inter-level travel time spent in this place.
 C = Inter-level travel time spent in this place.
 D = Time resting spent in this place.
 E = Time spent auto-exploring this place.
 F = Levels seen in this place.
 G = Mean time per level.
                   A        B        C        D        E       F      G
               +--------+--------+--------+--------+--------+-----+--------+
         Total |   2079 |   1951 |    128 |     16 |   1693 |   3 |  693.0 |
       Dungeon |   2079 |   1951 |    128 |     16 |   1693 |   3 |  693.0 |
               +--------+--------+--------+--------+--------+-----+--------+

Top non-repeatable levels by time:
     D:1: 1093 daAuts
     D:2: 849 daAuts
     D:3: 136 daAuts
